AoeStats
← schmeno

Team Islands

503202482Analyzed
2v2 RM · 1mo ago on Aug 30, 2026· 141m 40s· 4 players
Game mode
Random Map
Map size
185×185
Population
200
Speed
Normal
Resources
Standard
Victory
Conquest
Starting age
Dark Age
Ending age
Imperial Age
RankedLock teamsTeams togetherTeam positionsShared explorationLock speedFull tech treeHidden civsTurbo modeCheats
Victory
Defeat
🇺🇸 Japanese · United States
1225
+11
🇺🇸 Saracens · United States
1157
+14
🇨🇭 Teutons · Switzerland
1120
-13
🇨🇭 Persians · Switzerland
1120
-13
r smothers
11:45 Feudal Age
12:17 Double-Bit Axe
12:23 Fishing Lines
14:54 Loom
17:11 Wheelbarrow
19:07 Castle Age
18:17 Fletching
21:01 Medium Warships
20:43 Gillnets
21:45 Bodkin Arrow
25:08 Bow Saw
28:35 Town Watch
30:13 Yasama
30:50 Guard Tower
34:14 Ballistics
36:30 Imperial Age
35:04 Caravan
35:33 Careening
37:41 Heavy Warships
37:46 Shipwright
37:43 Bracer
37:56 Arrowslits
39:09 Clinker Construction
40:00 Chemistry
40:24 Keep
40:01 Masonry
40:30 Conscription
42:30 Dry Dock
42:03 Pikeman
42:45 Squires
42:46 Scale Mail Armor
42:58 Forging
45:37 Chain Mail Armor
45:57 Iron Casting
45:49 Treadmill Crane
50:40 Carvel Hull
52:45 Two-Man Saw
51:26 Horse Collar
51:38 Gold Mining
52:25 Wheelbarrow
51:50 Town Patrol
53:29 Halberdier
55:54 Plate Mail Armor
56:27 Iron Casting
56:25 Hand Cart
60:55 Blast Furnace
60:54 Siege Engineers
62:28 Murder Holes
62:24 Elite Cannon Galleon
84:52 Elite Samurai
89:40 Gold Shaft Mining
91:47 Kataparuto
141:05 Spies/Treason
schmeno
12:40 Feudal Age
12:54 Loom
13:36 Double-Bit Axe
14:22 Fishing Lines
14:36 Fletching
15:11 Gold Mining
16:32 Wheelbarrow
19:26 Castle Age
21:00 Bodkin Arrow
21:19 Medium Warships
21:52 Bow Saw
23:02 Gillnets
25:19 Ballistics
30:42 Imperial Age
28:53 Padded Archer Armor
30:30 Crossbowman
31:27 Leather Archer Armor
31:37 Bracer
32:32 Heavy Warships
32:46 Horse Collar
33:15 Arbalester
34:59 Thumb Ring
35:27 Careening
36:50 Wheelbarrow
36:04 Town Watch
37:35 Heavy Plow
38:06 Clinker Construction
38:27 Hand Cart
41:00 Ring Archer Armor
42:58 Town Patrol
44:16 Caravan
46:46 Chemistry
56:19 Elite Cannon Galleon
60:26 Carvel Hull
60:47 Siege Engineers
69:43 Forging
71:01 Iron Casting
72:46 Blast Furnace
106:02 Coinage
Mamarie
12:46 Feudal Age
14:11 Wheelbarrow
18:14 Castle Age
16:08 Double-Bit Axe
16:52 Fishing Lines
18:07 Gold Mining
18:10 Stone Mining
18:25 Horse Collar
20:26 Medium Warships
20:59 Bow Saw
22:24 Hand Cart
26:45 Heavy Plow
26:56 Town Watch
27:36 Fletching
33:35 Imperial Age
31:42 Clinker Construction
31:44 Masonry
32:58 Bodkin Arrow
33:04 Padded Archer Armor
33:27 Town Patrol
35:29 Conscription
35:46 Hoardings
36:21 Chemistry
35:58 Siege Engineers
36:14 Ballistics
36:23 Leather Archer Armor
36:09 Scale Mail Armor
36:19 Forging
37:33 Heavy Warships
39:56 Two-Man Saw
38:25 Elite Teutonic Knight
39:41 Ring Archer Armor
39:59 Elite Skirmisher
41:28 Careening
42:09 Onager
44:05 Carvel Hull
49:05 Caravan
56:02 Pikeman
56:43 Squires
63:48 Guilds
66:08 Crop Rotation
72:27 Siphons
76:48 Siege Onager
84:04 Halberdier
kriket
13:35 Feudal Age
13:27 Loom
15:00 Wheelbarrow
14:14 Double-Bit Axe
14:23 Gold Mining
14:33 Fishing Lines
19:38 Castle Age
18:08 Stone Mining
19:43 Forging
19:39 Scale Barding Armor
19:26 Fletching
20:35 Medium Warships
20:20 Gillnets
22:12 Bow Saw
23:47 Bodkin Arrow
23:54 Padded Archer Armor
25:12 Hand Cart
24:44 Town Watch
26:08 Gold Shaft Mining
26:59 Careening
27:00 Clinker Construction
26:56 Siphons
27:27 Horse Collar
29:25 Stone Shaft Mining
30:03 Heavy Plow
30:42 Leather Archer Armor
31:03 Iron Casting
34:55 Imperial Age
33:06 Ballistics
33:22 Town Patrol
34:15 Chain Barding Armor
35:48 Crop Rotation
36:24 Two-Man Saw
35:50 Conscription
34:53 Elite War Elephant
36:38 Chemistry
36:14 Heavy Warships
37:39 Blast Furnace
37:15 Plate Barding Armor
36:52 Bloodlines
36:43 Husbandry
36:05 Cavalier
38:16 Ring Archer Armor
38:24 Elite Cannon Galleon
41:02 Guilds
40:53 Caravan
45:32 Dry Dock
45:33 Carvel Hull
45:23 Incendiaries
46:47 Savar
54:01 Heavy Camel Rider
65:50 Scale Mail Armor
71:56 Murder Holes
72:12 Masonry
73:19 Demolition Ship
74:10 Heavy Demolition Ship
75:46 Capped Ram
78:50 Siege Ram
Connection lost

Rejoining the realm…

Still unreachable

The connection could not be restored.

Session expired

The server has moved on; the page needs a fresh start.